 Dungeon Crawl Stone Soup version 0.29-a0-1043-g569b05d6ff (webtiles) character file.

Game seed: 281019119913987735

48 drugrobin the Sneak (level 3, -2/31 HPs)
             Began as a Demigod Delver on Aug 16, 2022.
             Slain by a gnoll
             ... wielding a +0 spear
              (4 damage)
             ... on level 2 of the Dungeon.
             The game lasted 00:03:19 (663 turns).

drugrobin the Sneak (Demigod Delver)                 Turns: 663, Time: 00:03:20

Health: -2/31      AC:  3    Str: 17    XL:     3   Next: 30%
Magic:  5/5        EV: 12    Int: 12    God:
Gold:   19         SH:  0    Dex: 15    Spells: 2/2 levels left

rFire   . . .      SeeInvis .   h - +0 war axe
rCold   . . .      Faith    .   (no shield)
rNeg    . . .      Spirit   .   b - +0 leather armour
rPois   .          Reflect  .   (no helmet)
rElec   .          Harm     .   (no cloak)
rCorr   .          Rampage  .   (no gloves)
Will    .....                   (no boots)
Stlth   +++.......              (no amulet)
HPRegen 0.10/turn               (no ring)
MPRegen 0.09/turn               (no ring)

@: no status effects
A: high MP 1, forlorn, divine attributes
a: no special abilities


You were on level 2 of the Dungeon.
You visited 1 branch of the dungeon, and saw 5 of its levels.

You collected 19 gold pieces.

Inventory:

Hand Weapons
 a - a +0 hand axe
 h - a +0 war axe (weapon)
Armour
 b - a +0 leather armour (worn)
 j - a +1 leather armour of fire resistance
Wands
 g - a wand of digging (3)
Scrolls
 c - a scroll of fog
 d - a scroll of magic mapping
 e - 2 scrolls of fear
 i - a scroll of enchant armour {unknown}
Potions
 f - a potion of haste


   Skills:
 + Level 3.2 Fighting
 + Level 2.5 Axes
 - Level 2.1 Dodging
 - Level 4.7 Stealth


You had 2 spell levels left.
You didn't know any spells.
Your spell library was empty.

Dungeon Overview and Level Annotations

Branches:
Dungeon (6/15)
 Temple: D:4-7

Annotations:
D:3 3 runed translucent doors, Sigmund; bchevrier's ghost, amateur GnWn; nickcage's ghost, amateur MfGl; spaghetti's ghost, amateur OgCK


Innate Abilities, Weirdness & Mutations

You have an increased reservoir of magic. (+10% MP)
You shall have no god before yourself.
Your divine heritage dramatically boosts your attributes as you level up.


Message History

You kill the rat!
Unknown command.
Unknown command.
Okay, then.
The gnoll hits you with a +0 spear.
There is a stone staircase leading down here.
Things that are here:
a +0 club; 2 scrolls labelled KAIBUD FAMEUMM You hit the gnoll.
The gnoll is moderately wounded.
The gnoll hits you with a +0 spear!
* * * LOW HITPOINT WARNING * * *
Unknown command.
Unknown command.
Unknown command.
Unknown command.
You barely miss the gnoll.
The gnoll is moderately wounded.
The gnoll barely misses you. The gnoll hits you with a +0 spear!
* * * LOW HITPOINT WARNING * * *
Unknown command.
Unknown command.
Okay, then.
Unknown command.
Unknown command.
Unknown command.
You hit the gnoll.
The gnoll is heavily wounded.
The gnoll completely misses you.
Unknown command.
Unknown command.
You hit the gnoll.
The gnoll is severely wounded.
The gnoll barely misses you. x2
Unknown command.
Unknown command.
You hit the gnoll.
The gnoll is almost dead.
The gnoll hits you with a +0 spear.
You die...

...8.. ..l..
#####...######.
...............
....#.⌠.#......
...........g...
#####...#####
#......(....#
#.>...8..g@.#
#.........†.#
#####...#####
#...# #.>.#
#.).# #####


You could see a gnoll.

Vanquished Creatures
  2 gnolls (D:2)
  2 adders (D:3)
  An orc (D:3)
  A ball python (D:3)
  An endoplasm (D:3)
  2 hobgoblins (D:3)
  A quokka (D:3)
  A frilled lizard (D:2)
  2 rats
13 creatures vanquished.

Vanquished Creatures (others)
  2 withered plants (D:3)
2 creatures vanquished.

Grand Total: 15 creatures vanquished

Notes
Turn   | Place    | Note
-------+----------+-------------------------------------------
     0 | D:5      | drugrobin the Demigod Delver began the quest for the Orb.
     0 | D:5      | Reached XP level 1. HP: 18/18 MP: 3/3
     5 | D:6      | Noticed a howler monkey
    20 | D:5      | Noticed a phantom
    23 | D:5      | Noticed a killer bee
    27 | D:5      | Noticed a killer bee
    30 | D:4      | Noticed an iguana
   103 | D:3      | Noticed Sigmund
   270 | D:3      | Reached XP level 2. HP: 12/25 MP: 4/4
   489 | D:3      | Found a runed translucent gate.
   490 | D:3      | Found a runed translucent gate.
   491 | D:3      | Found a runed translucent gate.
   492 | D:3      | Noticed nickcage's ghost (amateur MfGl)
   492 | D:3      | Noticed spaghetti's ghost (amateur OgCK)
   492 | D:3      | Noticed bchevrier's ghost (amateur GnWn)
   568 | D:3      | Reached XP level 3. HP: 28/31 MP: 5/5
   663 | D:2      | Slain by a gnoll

Illustrated notes

Levels and vault maps discovered:
D:2:      layout_basic, nicolae_elevator_lobby_plus
D:3:      layout_rooms, zin_treasury, gammafunk_ghost_cemetery,
          kennysheep_generic_room_15, uniq_sigmund
D:4:      layout_basic, nicolae_wu_jian_immortal_techniques,
          minmay_misc_feat_diagonals, serial_bayou_ford_a,
          chequers_serial_rivers_micro_b, minmay_box_of_dots
D:5:      layout_rooms, minmay_starry_boxes, uniq_blork_the_orc, uniq_menkaure,
          uniq_crazy_yiuf_cottage
D:6:      layout_gridville, nicolae_dithmenos_shadow_blocks,
          mainiacjoe_overflow_catwalk_spiral, minmay_temple_entry_grid

Skill      XL: |  1  2 |
---------------+-------+-----
Axes           | 2 |  2.5
Dodging        | 2 |  2.1
Fighting       | 3 |  3.2
Stealth        | |  4.7

Action                   || total
-------------------------++-------
Melee: Hand axe          ||    33
       War axe           ||    10
Throw: Dart              ||    10
  Use: Scroll            ||     1
       Potion            ||     1
Armor: Leather armour    ||     7
Dodge: Dodged            ||    36

Table legend: (Time is in decaauts)
 A = Elapsed time spent in this place.
 B = Non-inter-level travel time spent in this place.
 C = Inter-level travel time spent in this place.
 D = Time resting spent in this place.
 E = Time spent auto-exploring this place.
 F = Levels seen in this place.
 G = Mean time per level.
                   A        B        C        D        E       F      G
               +--------+--------+--------+--------+--------+-----+--------+
         Total |    658 |    658 |      0 |    334 |     15 |   5 |  131.6 |
       Dungeon |    658 |    658 |      0 |    334 |     15 |   5 |  131.6 |
               +--------+--------+--------+--------+--------+-----+--------+

Top non-repeatable levels by time:
     D:3: 438 daAuts
     D:2: 183 daAuts
     D:5: 28 daAuts
     D:4: 5 daAuts
     D:6: 1 daAuts
